 Dungeon Crawl Stone Soup version 0.31-a0-1589-g8f5e8aebd6 (webtiles) character file.

Game seed: 12630425664769132613

411 Flugslaktarn the Apothecary (level 6, -4/36 HPs)
             Began as an Octopode Alchemist on Jan 6, 2024.
             Was an Initiate of Jiyva.
             Incinerated by a bombardier beetle (6 damage)
             ... with a burning spray
             ... on level 3 of the Dungeon.
             The game lasted 00:02:43 (1142 turns).

Flugslaktarn the Apothecary (Octopode Alchemist)    Turns: 1142, Time: 00:02:44

Health: -4/36      AC:  1    Str:  7    XL:     6   Next: 90%
Magic:  9/11       EV: 13    Int: 22    God:    Jiyva [......]
Gold:   88         SH:  0    Dex: 12    Spells: 3/12 levels left

rFire   . . .        g - +9 war axe of Ozebloer {freeze, rC+++ Will- Int+2 Stlth+}
rCold   + + +        (no shield)
rNeg    . . .        (helmet restricted)
rPois   .            (no amulet)
rElec   .            e - ring of wizardry
rCorr   .            (no ring)
SInv    .            (no ring)
Will    .....        (no ring)
Stlth   ++           (no ring)
HPRegen 0.26/turn    (no ring)
MPRegen 0.12/turn    (no ring)
                     (no ring)

%: wizardry (x1)
@: on fire, glowing
A: almost no armour, amphibious, 8 rings, camouflage 1, gelatinous body 1,
(nimble swimmer 1), tentacles
a: Renounce Religion


You were on level 3 of the Dungeon.
You worshipped Jiyva.
Jiyva was noncommittal.
You visited 1 branch of the dungeon, and saw 3 of its levels.
You also visited: Sewer.

You collected 88 gold pieces.

Inventory:

Hand Weapons
 b - a +3 whip
   (You took it off a kobold on level 1 of the Dungeon)
 f - a +2 heavy hand axe
   (You found it on level 2 of the Dungeon)
 g - the +9 war axe of Ozebloer (weapon) {freeze, rC+++ Will- Int+2 Stlth+}
   (You found it on level 3 of the Dungeon)

   Int+2:     It affects your intelligence (+2).
   rC+++:     It renders you almost immune to cold.
   Will-:     It decreases your willpower.
   Stlth+:    It makes you more stealthy.
Jewellery
 e - a ring of wizardry (left tentacle)
   (You found it on level 2 of the Dungeon)
Wands
 j - a wand of paralysis (6)
   (You found it on level 3 of the Dungeon)
Scrolls
 c - a scroll of teleportation {unknown}
 d - a scroll of torment {unknown}
 h - a scroll of immolation {unknown}
 i - a scroll of enchant weapon {unknown}
 m - a scroll of fog {unknown}
 n - a scroll of blinking {unknown}
Potions
 a - 2 potions of magic
 k - 2 potions of curing {unknown}
 l - a potion of ambrosia {unknown}
 o - a potion of heal wounds {unknown}
 p - 3 potions of invisibility {unknown}
 q - a potion of might {unknown}
 r - a potion of haste {unknown}


   Skills:
 - Level 2.0 Dodging
 - Level 2.6 Stealth
 + Level 3.8 Spellcasting
 - Level 1.0 Conjurations
 + Level 2.2 Fire Magic
 * Level 6.6 Alchemy


You had 3 spell levels left.
You knew the following spells:

 Your Spells              Type           Power      Damage    Failure   Level
a - Sting                 Conj/Alch      80%        1d8       1%          1
b - Olgreb's Toxic Radia  Alch           33%        N/A       3%          4
c - Sticky Flame          Fire/Alch      23%        2d6       8%          4

Your spell library contained the following spells:

 Spells                   Type           Power      Damage    Failure   Level
 Mercury Vapours          Alch/Air       36%        N/A       1%          2
 Mephitic Cloud           Conj/Alch/Air  15%        N/A       4%          3


Dungeon Overview and Level Annotations

Branches:
Dungeon (3/15)              Sewer (visited)

Altars:


Innate Abilities, Weirdness & Mutations

You cannot wear most types of armour.
You are amphibious.
You can wear up to eight rings at the same time.
Your skin changes colour to match your surroundings (Stealth+).
Your rubbery body absorbs attacks. (AC +1, EV +1)
((You are camouflaged when in or above water. (Stealth+)))
You have tentacles for arms and can constrict up to eight enemies at once.


Message History

You slice the ribbon worm!! You freeze the ribbon worm.
You kill the ribbon worm!
Your Alchemy skill increases to level 6!
You see here a ribbon worm corpse.
No target in view!
Magic restored.
You enter the shallow water.
a - 2 potions of magic (gained 1)
There is a viscous altar of Jiyva here.
p - 2 metallic orange potions (gained 1)
You enter the shallow water.
You enter the shallow water.
r - a ruby potion Unknown command.
p - 3 metallic orange potions (gained 1)
You enter the shallow water.
You enter the shallow water.
Okay, then.
There is a viscous altar of Jiyva here.
You enter the shallow water.
There is a viscous altar of Jiyva here.
You curl up in front of the altar of Jiyva.
Jiyva welcomes you!
You enter the shallow water.
You enter the shallow water.
There is a gate leading back out of this place here.
Welcome back to the Dungeon!
There is a collapsed entrance here.
Unknown command.
You enter the shallow water.
Grinder comes into view.
Found 17 gold pieces.
You hear a distant slurping noise.
You see here 17 gold pieces.
You now have 79 gold pieces (gained 17).
Grinder shouts!
Grinder gestures at you. Pain shoots through your body!
You hit Grinder. Your grab misses Grinder.
Grinder is lightly wounded.
Grinder barely misses you. Grinder hits you!
You writhe in agony.
You completely miss Grinder. You grab Grinder.
You squeeze Grinder, but do no damage.
Grinder is lightly wounded.
You constrict Grinder. Grinder barely misses you.
Casting: Sting (safe; 1% risk of failure)
Confirm with . or Enter, or press ? or * to list all spells.
Aiming: Sting (safe; 1% risk of failure)
Press: ? - help, Shift-Dir - straight line, f - Grinder
Aim: Grinder (moderately wounded, constricted by you, 98% to hit)
The sting hits Grinder.
Grinder partially resists.
Grinder is poisoned.
Grinder is moderately wounded.
You constrict Grinder. Grinder hits you!
* * * LOW HITPOINT WARNING * * *
You hear a distant slurping noise.
You are too injured to fight recklessly!
You hit Grinder. Your squeeze misses Grinder.
Grinder is moderately wounded.
You constrict Grinder. Grinder hits you but does no damage.
You hear a distant slurping noise.
Grinder hits you.
* * * LOW HITPOINT WARNING * * *
You writhe in agony.
* * * LOW HITPOINT WARNING * * *
You slash Grinder! You squeeze Grinder.
You kill Grinder!
Your Fire Magic skill increases to level 2!
Found 9 gold pieces.
You hear a distant slurping noise.
You hear a distant slurping noise.
You now have 88 gold pieces (gained 9).
You hear a distant slurping noise.
A bombardier beetle comes into view.
You hear a distant slurping noise.
Found a stone staircase leading down.
Casting: Sting (safe; 1% risk of failure)
Confirm with . or Enter, or press ? or * to list all spells.
Aiming: Sting (safe; 1% risk of failure)
Press: ? - help, Shift-Dir - straight line, f - bombardier beetle
Aim: a bombardier beetle (85% to hit)
The sting hits the bombardier beetle.
The bombardier beetle is poisoned.
The bombardier beetle is lightly wounded.
Casting: Sting (safe; 1% risk of failure)
Confirm with . or Enter, or press ? or * to list all spells.
Aiming: Sting (safe; 1% risk of failure)
Press: ? - help, Shift-Dir - straight line, f/p - bombardier beetle
Aim: a bombardier beetle (lightly wounded, poisoned, 85% to hit)
The sting hits the bombardier beetle but does no damage.
The bombardier beetle looks even sicker.
The bombardier beetle is lightly wounded.
The bombardier beetle sprays incendiary fluid at you.
The burning spray hits you.
You are covered in liquid fire!
You shake off some of the fire as you move.
The liquid fire burns you!
* * * LOW HITPOINT WARNING * * *
You hear a distant slurping noise.
You shake off some of the fire as you move.
The liquid fire burns you!
You die...

........ + .......
########### #.....
#........## #..B.#
##.#####.# #....#
#..###<#.#
#....#####~###....#
#....##~#~#~##....#
#....#~#†#~#~#)...#
#..@.##~#~#~##....#
#....#~#~#~#~###..##
#....##~#~#~##......
#....#~#.#~#~##.#...
#....##~#~#~###.####
###...######~##.. .
#..........#### ##
#............#
#.........##.#


You could see a bombardier beetle (very poisoned).

Vanquished Creatures
  Grinder (D:3)
  2 jellies (Sewer)
  Jessica (D:3)
  6 adders
  2 river rats (Sewer)
  4 dart slugs
  5 ribbon worms
  An orc (D:3)
  4 ball pythons
  2 bats (D:3)
  10 endoplasms
  5 giant cockroaches
  3 hobgoblins
  A jackal (D:3)
  2 quokkas
  6 frilled lizards
  3 kobolds
  5 rats
63 creatures vanquished.

Vanquished Creatures (others)
  A giant cockroach (D:3)
1 creature vanquished.

Grand Total: 64 creatures vanquished

Notes
Turn   | Place    | Note
-------+----------+-------------------------------------------
     0 | D:1      | Flugslaktarn the Octopode Alchemist began the quest for the
                  | Orb.
     0 | D:1      | Reached XP level 1. HP: 11/11 MP: 3/3
    74 | D:1      | Reached XP level 2. HP: 17/17 MP: 1/5
   194 | D:2      | Reached skill level 4 in Alchemy
   215 | D:2      | Reached XP level 3. HP: 18/21 MP: 1/6
   401 | D:3      | Identified the +9 war axe of Ozebloer {freeze, rC+++ Will-
                  | Int+2 Stlth+}
   450 | D:3      | Reached XP level 4. HP: 27/27 MP: 6/8
   519 | D:3      | Noticed Jessica
   532 | D:3      | Killed Jessica
   533 | D:3      | Reached skill level 5 in Alchemy
   664 | D:3      | Reached XP level 5. HP: 29/31 MP: 9/9
   665 | D:3      | Found a glowing drain.
   671 | Sewer    | Entered a sewer
   677 | Sewer    | Learned a level 4 spell: Olgreb's Toxic Radiance
   682 | Sewer    | Learned a level 4 spell: Sticky Flame
   809 | Sewer    | Found a viscous altar of Jiyva.
   815 | Sewer    | Reached skill level 1 in Fire Magic
   954 | Sewer    | Reached XP level 6. HP: 15/36 MP: 6/11
  1047 | Sewer    | Reached skill level 6 in Alchemy
  1096 | Sewer    | Became a worshipper of Jiyva Jodeshon the Shapeless
  1114 | D:3      | Noticed Grinder
  1124 | D:3      | Killed Grinder
  1142 | D:3      | Incinerated by a bombardier beetle

Illustrated notes

Levels and vault maps discovered:
D:1:      matt_arrival_grand_opening, layout_basic
D:2:      layout_basic
D:3:      layout_basic, mainiacjoe_sewer_entry_somewhere_in_here_1,
          corexii_item_surrounded_by_moat, uniq_jessica,
          uniq_crazy_yiuf_cottage, uniq_grinder

Skill      XL: |  1  2  3  4  5  6 |
---------------+-------------------+-----
Alchemy        | 4 5 6 |  6.6
Spellcasting   | 3 |  3.8
Fire Magic     | 1 2 |  2.2
Dodging        | |  2.0
Stealth        | |  2.6
Conjurations   | |  1.0

Action                     |  1- 3 |  4- 6 || total
---------------------------+-------+-------++-------
  Melee: Unarmed           |     4 |       ||     4
         Whip              |    20 |       ||    20
         Tentacles         |     6 |     9 ||    15
         Constrict         |     5 |     8 ||    13
         War axe           |     1 |    54 ||    55
   Cast: Sting             |    24 |    25 ||    49
  Evoke: Wand              |       |     1 ||     1
   Stab: Sleeping          |       |    12 ||    12
 Armour: Skin              |    12 |    24 ||    36
  Dodge: Dodged            |    23 |    29 ||    52

Table legend: (Time is in decaauts)
 A = Elapsed time spent in this place.
 B = Non-inter-level travel time spent in this place.
 C = Inter-level travel time spent in this place.
 D = Time resting spent in this place.
 E = Time spent auto-exploring this place.
 F = Levels seen in this place.
 G = Mean time per level.
                   A        B        C        D        E       F      G
               +--------+--------+--------+--------+--------+-----+--------+
         Total |   1169 |   1154 |     15 |    157 |    413 |   4 |  292.2 |
       Dungeon |    711 |    696 |     15 |      0 |    351 |   3 |  237.0 |
         Sewer |    457 |    457 |      0 |    157 |     62 |   1 |  457.0 |
               +--------+--------+--------+--------+--------+-----+--------+

Top non-repeatable levels by time:
   Sewer: 457 daAuts
     D:3: 313 daAuts
     D:2: 277 daAuts
     D:1: 120 daAuts
